 Dungeon Sprint DCSS version 0.20-a0-1121-gbb42413 (webtiles) character file.

316 potatolord6000 the Archer (level 6, 0/91 HPs)
             Began as a Centaur Hunter on May 10, 2017.
             Was an Initiate of Gozag.
             Slain by a flying skull (8 damage)
             ... in the Dungeon (Sprint VII: "The Pits").
             The game lasted 00:04:13 (296 turns).

potatolord6000 the Archer (Centaur Hunter)           Turns: 296, Time: 00:04:14

Health: 0/91       AC:  8    Str: 19    XL:     6   Next: 20%
Magic:  6/6        EV: 11    Int: 10    God:    Gozag
Gold:   729        SH:  0    Dex: 12    Spells: 5/5 levels left

rFire    . . .     SeeInvis .   b - +0 short sword
rCold    . . .     Gourm    .   (no shield)
rNeg     . . .     Faith    .   r - +3 ring mail
rPois    .         Spirit   .   (no helmet)
rElec    .         Reflect  .   (no cloak)
rCorr    .         Harm     .   (no gloves)
MR       .....     NoTele   +   (no barding)
Stlth    ..........             (no amulet)
Regen    0.3/turn               (no ring)
MPRegen  0.1/turn               (no ring)

@: berserking, hasted, very quick
A: hooves 3, deformed body, speed 2, tough skin 3
a: Potion Petition, Call Merchant, Bribe Branch, Renounce Religion


You were in the Dungeon.
You worshipped Gozag.
Gozag was pleased with you.
You were not hungry.

You visited 1 branch You collected 729 gold pieces.

Inventory:

Hand Weapons
 a - a +1 shortbow
 b - a +0 short sword (weapon)
Armour
 c - a +0 leather armour
 h - a +0 cloak
 r - a +3 ring mail (worn)
Scrolls
 k - a scroll of blinking
 m - 3 scrolls of remove curse
 n - 5 scrolls of amnesia
 o - a scroll of summoning
Potions
 e - 7 potions of curing
 g - 4 potions of heal wounds
 i - 4 potions of magic
 j - 2 potions of berserk rage
 l - 2 potions of invisibility
Comestibles
 f - 8 bread rations
 p - 40 fruits
 q - 7 meat rations


   Skills:
 + Level 7.8 Fighting
 + Level 1.0 Short Blades
 + Level 11.0 Bows
 + Level 5.9 Dodging
 - Level 0.4 Stealth


You had 5 spell levels left.
You didn't know any spells.

Dungeon Overview and Level Annotations

Branches:
Dungeon (1/1)

Altars:
Ashenzari
Cheibriados
Dithmenos
Elyvilon
Fedhas
Gozag
Hepliaklqana
Kikubaaqudgha
Makhleb
Nemelex Xobeh
Okawaru
Qazlal
Ru
Sif Muna
Trog
Uskayaw
Vehumet
Wu Jian
Xom
Yredelemnul
Zin
The Shining One
Beogh
Jiyva
Lugonu


Innate Abilities, Weirdness & Mutations

You have hooves in place of feet.
Armour fits poorly on your strangely shaped body.
You cover ground very quickly.
You have extremely tough skin. (AC +3)


Message History

* * * LOW HITPOINT WARNING * * *
The rat bites you but does no damage.
The flying skull hits you but does no damage.
You hit the flying skull. Your kick misses the flying skull.
The flying skull is lightly damaged.
The orc wizard gestures at you while chanting.
You resist with some effort. The flying skull closely misses you.
The rat closely misses you.
You miss the flying skull.
The flying skull is lightly damaged.
The orc wizard barely misses you. The orc barely misses you.
The flying skull barely misses you.
You closely miss the flying skull. Your kick misses the flying skull.
The flying skull is lightly damaged.
The orc wizard hits you but does no damage.
The rat bites you.
* * * LOW HITPOINT WARNING * * *
The flying skull hits you!
You die...
Your body crumbles into a pile of gold.

#.#..'..#))#####'##
#.#..####))##......
#.#..#..#))##......
#.#..#..#[.##......
#.##'#..#'###...<..
#.#........##......
#.#........##......
#)###########......
#o@#.#.## #######
#rzo(..(# ##o#.#.##
...... #.#.#.#
.......# #.# #..+
### ###


You could see a flying skull, an orc wizard, 2 orcs and a rat.

Vanquished Creatures
  2 floating eyes (D)
  Crazy Yiuf (D)
  A hound (D)
  An iron imp (D)
  A gnoll (D)
  An ooze (D)
  A worm (D)
  An orc (D)
  A goblin (D)
  A hobgoblin (D)
  2 jackals (D)
  A bat (D)
  A frilled lizard (D)
15 creatures vanquished.

Vanquished Creatures (others)
  An orc warrior (D)
  An orc (D)
2 creatures vanquished.

Grand Total: 17 creatures vanquished

Notes
Turn   | Place    | Note
-------+----------+-------------------------------------------
     0 | D        | potatolord6000 the Centaur Hunter began the quest for the Orb.
     0 | D        | Reached XP level 1. HP: 17/17 MP: 1/1
    11 | D        | Noticed a floating eye
    13 | D        | Paralysed by a floating eye for 3 turns
    17 | D        | Killed a floating eye
    17 | D        | Reached skill level 5 in Fighting
    17 | D        | Reached skill level 8 in Bows
    17 | D        | Reached XP level 2. HP: 29/29 MP: 2/2
    17 | D        | Reached XP level 3. HP: 36/36 MP: 3/3
    17 | D        | Reached XP level 4. HP: 42/42 MP: 4/4
    56 | D        | Found a bloodstained altar of Trog.
    56 | D        | Found a deep blue altar of Sif Muna.
    56 | D        | Found a viscous altar of Jiyva.
    56 | D        | Found a hazy altar of Hepliaklqana.
    56 | D        | Found an opulent altar of Gozag.
    57 | D        | Found a glowing golden altar of the Shining One.
    57 | D        | Found a glowing silver altar of Zin.
    57 | D        | Found a basalt altar of Yredelemnul.
    57 | D        | Found a shimmering altar of Xom.
    57 | D        | Found an ornate altar of the Wu Jian Council.
    57 | D        | Found a sacrificial altar of Ru.
    57 | D        | Found a stormy altar of Qazlal.
    57 | D        | Found an iron altar of Okawaru.
    57 | D        | Found a sparkling altar of Nemelex Xobeh.
    57 | D        | Found a burning altar of Makhleb.
    57 | D        | Found a blossoming altar of Fedhas.
    57 | D        | Found a white marble altar of Elyvilon.
    57 | D        | Found a shadowy altar of Dithmenos.
    57 | D        | Found a snail-covered altar of Cheibriados.
    59 | D        | Found a radiant altar of Vehumet.
    59 | D        | Found a corrupted altar of Lugonu.
    59 | D        | Found a roughly hewn altar of Beogh.
    60 | D        | Found a hide-covered altar of Uskayaw.
    60 | D        | Found an ancient bone altar of Kikubaaqudgha.
    60 | D        | Found a shattered altar of Ashenzari.
    63 | D        | Killed an orc warrior
    66 | D        | Became a worshipper of Gozag Ym Sagoz the Greedy
   117 | D        | Noticed a floating eye
   123 | D        | Paralysed by a floating eye for 3 turns
   128 | D        | Killed a floating eye
   128 | D        | Reached skill level 10 in Bows
   128 | D        | Reached skill level 5 in Dodging
   128 | D        | Reached XP level 5. HP: 52/52 MP: 5/5
   238 | D        | Noticed Crazy Yiuf
   247 | D        | Reached XP level 6. HP: 54/61 MP: 6/6
   269 | D        | Killed Crazy Yiuf
   269 | D        | Reached skill level 1 in Short Blades
   269 | D        | Reached skill level 11 in Bows
   270 | D        | Noticed a flying skull
   296 | D        | Slain by a flying skull

Vault maps used:
D:        pitsprint

Skill      XL: |  1  2  3  4  5  6 |
---------------+-------------------+-----
Fighting       | 5 7 |  7.8
Bows           | 8 10 11 | 11.0
Dodging        | 4 5 |  5.9
Short Blades   | 1 |  1.0
Stealth        | |  0.4

Action                   |  1- 3 |  4- 6 || total
-------------------------+-------+-------++-------
Melee: Short sword       |       |    31 ||    31
       Kick              |       |     6 ||     6
 Fire: Shortbow          |     4 |    44 ||    48
  Use: Potion            |       |     4 ||     4
Armor: Leather armour    |       |     4 ||     4
       Ring mail         |       |    22 ||    22
Dodge: Dodged            |       |    34 ||    34
